[Event "*** Titled Tuesday Blitz"]
[Site "Chess.com"]
[Date "2020.02.04"]
[Round "7"]
[White "MaxLeto"]
[Black "DishonorOnYourCow"]
[Result "1-0"]
[WhiteElo "2336"]
[BlackElo "2217"]
[TimeControl "180+2"]
[EndTime "10:37:50 PST"]
[Termination "MaxLeto won by resignation"]

1. g4 d5 2. g5 e5 3. h4 c5 4. d3 Nc6 5. Nc3 Be6 6. Bg2 h6 7.
e4 d4 8. Nd5 hxg5 9. Bxg5 f6 10. Bd2 Nge7 11. Qf3 Qd7 12. c4 dxc3 13. bxc3 O-O-O 14. c4 Nd4 15. Qd1 Nec6 16. Bc3 f5 17. Qd2 fxe4 18.
Bxe4 Nb4 19. Bxb4 cxb4 20. Nf3 b3 21. Nxd4 exd4 22. axb3 Kb8 23. Qa5 a6 24. Qb6 Bxd5 25. Bxd5 Re8+ 26. Kd2 Qc7 27. Rxa6 Qxb6 28. Rxb6 Re7 29.
Re1 Rc7 30. Re8+ Ka7 31. Rbe6 g6 32. Kc2 Bg7 33. Rxh8 Bxh8 34. Rxg6 Rh7 35. Rg4 Bf6 36. Bg8 Rh8 37. f3 Bxh4 38. Bd5 Bf6 39. b4 Rh2+ 40.
Kb3 Rd2 41. Be4 Rh2 42. Rf4 Be5 43. Rf7 Rh1 44. Rxb7+ Ka6 45. b5+ Ka5 46. Ra7+ Kb6 47. Ra6+ Kc7 48. c5 Rb1+ 49. Kc4 Kd8 50. b6 Ke7 51.
Kd5 Bf4 52. Ra7+ Kf6 53. Rd7 Bg3 54. b7 Rb5 55. Kc4 Rb1 56. c6 Ke6 57. Bd5+ Kf6 58. Kxd4 Bf2+ 59. Kc3 Bg3 60. Be4 Rb6 61. d4 Ke6 62.
d5+ Kf6 63. d6 Be5+ 64. Kc4 Rb2 65. c7 Ke6 66. c8=Q 1-0

[Event "*** Titled Tuesday Blitz"]
[Site "Chess.com"]
[Date "2020.02.04"]
[Round "7"]
[White "NewBornNow"]
[Black "dretch"]
[Result "0-1"]
[WhiteElo "2690"]
[BlackElo "2816"]
[TimeControl "180+2"]
[EndTime "10:37:52 PST"]
[Termination "dretch won by resignation"]

1. e4 e6 2. d3 d5 3. Qe2 Nc6 4. Nf3 dxe4 5. dxe4 e5 6. g3 Bc5 7. Bg2 Nf6 8. O-O O-O 9. c3 a5 10. Rd1 Qe7 11. h3 b6 12. Nh4 Ba6 13. Qf3 Rfd8 14. Nf5 Qe6 15. Be3 Rxd1+ 16. Qxd1 Rd8 17. Qe1 Bxe3 18.
Nxe3 Qd6 19. Na3 Qd2 20. Qxd2 Rxd2 21. Nac4 Rd8 22. a4 Kf8 23. f3 Nd7 24. Bf1 Nc5 25.
Nd5 Ne6 26. Nxa5 Nxa5 27. Bxa6 Nb3 28. Rd1 c6 29. Ne3 Rxd1+ 30. Nxd1 Nec5 31. Bc4 Nd2 32. Be2 Nxa4 33. Kf2 Ke7 34. b3 Nxb3 35. Ke3 Na5 36.
f4 f6 37. h4 b5 38. Kd3 Nc4 39. Kc2 Nd6 40. Nf2 Nc5 41. Bf3 exf4 42. gxf4 Ne6 43. e5 fxe5 44. fxe5 Nc4 45. Bxc6 Nd8 46. Be4 h6 47. Nd3 Ke6 48. Bf3 Nf7 49. Bg4+ Ke7 50.
Be2 g5 51. hxg5 hxg5 52. Kb3 Ke6 53. Kb4 Nfxe5 54. Nc5+ Kd5 55. Kxb5 Nd6+ 56. Kb6 Nec4+ 57. Bxc4+ Nxc4+ 58. Kb5 Na3+ 59. Kb4 Nc2+ 60. Kb5 g4 61. Nd3 Na3+ 62. Kb4 Nc4 63. Nf4+ Ke4 64. Nh5 Ne5 65.
c4 Kd4 66. c5 Nd3+ 67. Kb3 Nxc5+ 68. Kc2 Ne4 69. Kd1 Ke3 70. Ke1 Kf3 71. Kf1 Ng3+ 72. Nxg3 Kxg3 0-1

[Event "*** Titled Tuesday Blitz"]
[Site "Chess.com"]
[Date "2020.02.04"]
[Round "7"]
[White "AntonSmirnov"]
[Black "BocharovD"]
[Result "1-0"]
[WhiteElo "2919"]
[BlackElo "2755"]
[TimeControl "180+2"]
[EndTime "10:37:54 PST"]
[Termination "AntonSmirnov won by resignation"]

1. e4 c5 2. Nf3 d6 3. d4 cxd4 4.
Nxd4 Nf6 5. Nc3 a6 6. Be3 Nbd7 7. Be2 Qc7 8. O-O e6 9. f4 Be7 10.
a4 b6 11. Bf3 Bb7 12. Qe2 O-O 13. Rad1 Rfe8 14. g4 Nc5 15. Qg2 d5 16. e5 Nfe4 17.
Bxe4 dxe4 18. g5 Rad8 19. Qg3 g6 20. h4 Bc6 21. b3 Bb7 22. Nce2 Bf8 23. h5 Rd5 24.
Rd2 Qd8 25. Rfd1 Qe7 26. Nc3 Rdd8 27. Kh2 Bg7 28. h6 Bf8 29. Nce2 Qc7 30. Ng1 Nd7 31. Nde2 Nb8 32. Nh3 Bb4 33. c3 Be7 34. Nf2 Rxd2 35. Rxd2 Rd8 36. Ng4 Rxd2 37. Bxd2 Nd7 38. Nd4 Qc5 39. Qe3 b5 40. axb5 axb5 41. Nc2 Qd5 42. Qd4 e3 43. Qxd5 Bxd5 44. Ngxe3 Bxb3 45. Nd4 Ba4 46. Nc6 Bf8 47. Nb4 Nb6 48. Ng4 Be7 49. Nf2 Nd5 50. Kg3 Nxb4 51. cxb4 Bc2 52. Kf3 Kf8 53. Ke3 Ke8 54. Kd4 Kd7 55. Kc3 Bf5 56. Be3 Kc6 57.
Ba7 Kd5 58. Bb6 Kc6 59. Be3 Kd5 60. Ba7 Kc6 61. Nh1 Kd5 62. Ng3 Kc6 63. Nf1 Kd5 64.
Nd2 Kc6 65. Nb3 Be4 66. Nd4+ Kb7 67. Bc5 Bxc5 68. bxc5 Ka6 69. Kb4 Bd3 70. Nc6 Be4 71. Nd8 1-0

[Event "*** Titled Tuesday Blitz"]
[Site "Chess.com"]
[Date "2020.02.04"]
[Round "7"]
[White "DanielNaroditsky"]
[Black "Andrei_Belozerov"]
[Result "1/2-1/2"]
[WhiteElo "3120"]
[BlackElo "2643"]
[TimeControl "180+2"]
[EndTime "10:38:00 PST"]
[Termination "Game drawn by agreement"]

1. d4 d5 2. Bf4 Nf6 3. e3 c5 4. dxc5 e6 5. Nf3 Bxc5 6. Nc3 O-O 7. Bd3 Nc6 8. O-O Qe7 9. e4 d4 10. e5 dxc3 11. exf6 gxf6 12. bxc3 b6 13. Nd4 Ne5 14. Qh5 Nxd3 15. cxd3 Bb7 16. Bh6 Kh8 17. Bxf8 Rxf8 18.
Rae1 Rg8 19. f3 Rg5 20. Qh4 Qd6 21. Kh1 Kg7 22. Re2 e5 23. Qxg5+ fxg5 24. Nf5+ Kf6 25.
Nxd6 Bxd6 26. Rfe1 Bd5 27. d4 exd4 28. cxd4 b5 29. Rc2 b4 30. Rec1 a5 31. Rc6 Bxc6 32.
Rxc6 Ke6 33. Ra6 Kd5 34. Rxa5+ Kxd4 35. Rxg5 Kc3 36. Ra5 Bf4 37. Rf5 Bc1 38. Rxf7 Ba3 39. Rxh7 Kb2 40. Rb7 Kxa2 41. g4 b3 42. g5 b2 43. f4 b1=Q+ 44. Rxb1 Kxb1 45. Kg2 Kc2 46. Kf3 Kd3 47. h4 Kd4 48. Kg4 Kd5 49. Kf5 Bc1 50.
h5 Kd6 51. h6 Ke7 52. g6 Bd2 53. Kg5 Bc1 54. h7 Bb2 55. f5 Bf6+ 56. Kf4 Kd6 57. Ke4 Kc5 58. Kf4 Kd6 59. Kg4 Ke7 60. Kh5 Kf8 61.
Kh6 Bg7+ 62. Kg5 Ke7 63. Kf4 Bf6 64. Ke4 Kd6 65. Kd3 Kc5 66. Ke2 Kd4 67. Kf3 Kd5 68.
Kg4 Kd6 69. g7 Bxg7 70. Kg5 Ke5 71. Kg6 Bf6 72. h8=Q 1/2-1/2

[Event "*** Titled Tuesday Blitz"]
[Site "Chess.com"]
[Date "2020.02.04"]
[Round "7"]
[White "wonderfultime"]
[Black "Tjktiger"]
[Result "0-1"]
[WhiteElo "2955"]
[BlackElo "2792"]
[TimeControl "180+2"]
[EndTime "10:38:01 PST"]
[Termination "Tjktiger won by resignation"]

1. d4 d6 2. Nf3 g6 3. g3 Bg7 4.
Bg2 Nf6 5. O-O O-O 6. c4 Nc6 7. Nc3 e5 8. dxe5 Nxe5 9. Qb3 Nxf3+ 10. Bxf3 Bh3 11. Rd1 Nd7 12. Qxb7 Rb8 13. Qxa7 Ne5 14. Bd5 c6 15. Bg2 Bxg2 16. Kxg2 Nxc4 17. Rd3 Nxb2 18. Bxb2 Rxb2 19. Qa3 Qb8 20. Rad1 d5 21. e3 Qb4 22. Qxb4 Rxb4 23. Ne2 Ra8 24. a3 Rb2 25. Nf4 Rc2 26.
Rb1 Bf8 27. Rdb3 Rxa3 28. Rb8 Rxe3 29. Rc8 Kg7 30. Rbb8 Bd6 31. Rg8+ Kh6 32. Rb7 Re7 33. Rxe7 Bxe7 34. h4 Bd6 35. Nh3 f6 36. Rd8 Bc5 37.
Rd7 g5 38. hxg5+ fxg5 39. g4 Kg6 40. Rc7 Bd4 41. Rd7 Be5 42. Re7 Bf6 43. Rd7 d4 44. Kf1 c5 45. Rd6 Rc3 46. Kg2 Kf7 47. Rd7+ Ke6 48.
Rxh7 d3 49. Kf3 Rc1 50. Ke3 c4 51. Rh6 Re1+ 52. Kd2 Re2+ 53. Kd1 c3 54. Nxg5+ Kd5 55. Nf3 c2+ 56. Kc1 Rxf2 57. Rh5+ Kc4 58. Nd2+ Rxd2 59. Kxd2 Bc3+ 60. Kc1 Kb3 61. Rb5+ Bb4 62. Rxb4+ Kxb4 63. Kd2 Kb3 64. g5 0-1

[Event "*** Titled Tuesday Blitz"]
[Site "Chess.com"]
[Date "2020.02.04"]
[Round "7"]
[White "riconaipe"]
[Black "MasterKroket"]
[Result "1/2-1/2"]
[WhiteElo "2528"]
[BlackElo "2414"]
[TimeControl "180+2"]
[EndTime "10:38:07 PST"]
[Termination "Game drawn - insufficient material"]

1. e4 c5 2. Nf3 e6 3. b3 Nf6 4. Bd3 d6 5. Bb2 e5 6. O-O Be7 7.
Re1 O-O 8. c3 Nh5 9. Bf1 Nf4 10.
d4 exd4 11. cxd4 Bf6 12. e5 dxe5 13. dxe5 Qxd1 14. Rxd1 Be7 15. Nc3 Bg4 16. Bc1 Bxf3 17. gxf3 Ne6 18. f4 Nc6 19. Nd5 Bh4 20. Be3 Ned4 21.
Kg2 b6 22. Bd3 Rad8 23. Be4 Rfe8 24. Nc7 Re7 25. Bxc6 Nxc6 26. Rxd8+ Nxd8 27. Nb5 Rd7 28. a4 Be7 29. a5 f6 30. axb6 axb6 31. Ra8 fxe5 32.
fxe5 Kf7 33. f4 g6 34. Kf3 Rd3 35. Ra7 Rxb3 36. Nd6+ Ke6 37. Nc8 Nc6 38. Rc7 Nd4+ 39. Ke4 Nf5 40. Bd2 Bd8 41. Rxh7 c4 42. Rh8 Bc7 43.
Rh7 Bb8 44. Rb7 c3 45. Bc1 Rb1 46. Rxb6+ Rxb6 47. Nxb6 g5 48. fxg5 Bxe5 49. h3 Nd6+ 50. Kd3 Kf5 51. h4 Kg4 52. Nd7 Bg7 53. Ba3 Nf5 54.
Nf6+ Kxh4 55. Ne4 Kh5 56. Bc1 Kg6 57. Kc4 Nh4 58. Kd5 Nf3 59. Ke6 c2 60. Kd5 Ne5 61.
Nc5 Kf5 62. Ne6 Nd3 63. Nxg7+ Kg6 64. Be3 c1=Q 65. Bxc1 Nxc1 66. Ne6 Ne2 67. Ke4 Ng3+ 68. Kf4 Nh5+ 69. Kg4 Ng7 70. Nf4+ Kf7 71. Ng2 Kg6 72.
Nh4+ Kf7 73. Nf3 Ne6 74. Ne5+ Kg7 75. g6 Nf8 76. Kf5 Nxg6 1/2-1/2

[Event "*** Titled Tuesday Blitz"]
[Site "Chess.com"]
[Date "2020.02.04"]
[Round "7"]
[White "vinniethepooh"]
[Black "Kobalia"]
[Result "1-0"]
[WhiteElo "2793"]
[BlackElo "2658"]
[TimeControl "180+2"]
[EndTime "10:38:11 PST"]
[Termination "vinniethepooh won by resignation"]

1. d4 d5 2. c4 c6 3. cxd5 cxd5 4. Nc3 Nc6 5. Nf3 e6 6. Bf4 Bd6 7. Bg3 Nge7 8. e3 Nf5 9. Bd3 Nxg3 10. hxg3 h6 11.
g4 Be7 12. Qe2 Bd7 13. a3 Qb6 14. Rc1 Rc8 15. g5 h5 16. g6 f5 17. Bb5 Bf6 18. Na4 Qc7 19. Nc5 Ke7 20. Qd2 Be8 21.
a4 b6 22. Nd3 Qb8 23. b3 a5 24. Bxc6 Rxc6 25. Rxc6 Bxc6 26. Nfe5 Be8 27. Qc3 h4 28.
Ke2 Rh6 29. Rc1 h3 30. gxh3 Rxh3 31. Qc7+ Qxc7 32. Rxc7+ Kd8 33. Rb7 Rh6 34. Rxb6 Bxg6 35. Nxg6 Rxg6 36. Rxe6 Rg1 37. Rd6+ Ke7 38. Rxd5 Rb1 39.
Rxf5 Rxb3 40. Rxa5 Ra3 41. Ra7+ Kd6 42. a5 Kc6 43.
Nc5 Ra2+ 44. Kf3 Bh4 45. Ne4 g5 46. Rg7 Rxa5 47. Rg6+ Kd7 48. Nc5+ Ke7 49. Ne4 Kf7 50. Rf6+ Kg7 51. Rc6 Ra2 52. Kg4 Bxf2 53. Nxf2 Rxf2 54. Kxg5 Kf7 55. e4 Ke7 56. e5 Rd2 57. Rd6 Rf2 58.
Kg4 Rf1 59. Kg5 Rf2 60. d5 Rf1 61. Re6+ Kd7 62. Rf6 Re1 63. Kf5 Rf1+ 64. Kg6 Re1 65. Rf5 Ke7 66. Rf7+ Ke8 67. e6 Rg1+ 68. Kf6 Rf1+ 69.
Ke5 Rxf7 70. exf7+ Ke7 71. f8=Q+ Kxf8 72. Kd6 1-0

[Event "*** Titled Tuesday Blitz"]
[Site "Chess.com"]
[Date "2020.02.04"]
[Round "7"]
[White "Harry_Rakkel"]
[Black "MisiekZielony"]
[Result "1/2-1/2"]
[WhiteElo "2531"]
[BlackElo "2357"]
[TimeControl "180+2"]
[EndTime "10:38:28 PST"]
[Termination "Game drawn - insufficient material"]

1. d4 Nf6 2. c4 c6 3. Nc3 d5 4. e3 g6 5. Nf3 Bg7 6. Be2 O-O 7. O-O b6 8. cxd5 cxd5 9. b4 Bb7 10. Bb2 Nc6 11.
a3 Ne4 12. Rc1 Nxc3 13. Rxc3 Qd6 14. b5 Na5 15. a4 Rfc8 16. Ba3 Qd8 17. Qd2 Rxc3 18.
Qxc3 Rc8 19. Qb2 Nc4 20. Bxc4 Rxc4 21. Bb4 Qc7 22. Qa3 Bf6 23. g4 h6 24. h3 a5 25.
bxa6 Bxa6 26. Rb1 Bc8 27. Nd2 Rc2 28. Qb3 Rc1+ 29. Rxc1 Qxc1+ 30. Kg2 Qc6 31. Qa3 Qe6 32. a5 bxa5 33. Qxa5 h5 34. Kf1 hxg4 35. hxg4 Qxg4 36. Qxd5 Qd1+ 37. Kg2 Qg4+ 38. Kh2 Qf5 39. Qxf5 Bxf5 40. e4 Bd7 41. e5 Bg5 42. Ne4 Bf4+ 43. Kg2 Bc6 44.
Kf3 Bc1 45. Bxe7 Bd5 46. Bh4 Kh7 47. Bg3 Kg8 48. Bf4 Bb2 49. Ke3 Bc1+ 50. Kf3 Bb2 51.
Be3 f5 52. exf6 Kf7 53. Kf4 Bxe4 54. Kxe4 Kxf6 55. d5 Kf7 56. Bd4 Ba3 57. Kd3 Ke7 58. Kc4 Kd7 59. Kd3 Bd6 60. Ke4 Ke7 61. f4 Kd7 62.
Bf6 Bc7 63. Kf3 Ke8 64. Kg4 Kf7 65. Be5 Bd8 66. Kf3 Ke8 67. Ke4 Kd7 68. Bg7 Bc7 69. Be5 Ba5 70. Kf3 Bd8 71. Kg4 Ke8 72. Bd4 Kf7 73. Bf2 Bf6 74. Bh4 Bc3 75. Bd8 Bd2 76.
Kg5 Bc3 77. d6 Bd2 78. d7 Ke6 79. Kxg6 Bxf4 80. Bg5 Kxd7 1/2-1/2

[Event "*** Titled Tuesday Blitz"]
[Site "Chess.com"]
[Date "2020.02.04"]
[Round "7"]
[White "korbul"]
[Black "Shield12"]
[Result "0-1"]
[WhiteElo "2602"]
[BlackElo "2896"]
[TimeControl "180+2"]
[EndTime "10:38:46 PST"]
[Termination "Shield12 won by resignation"]

1. d4 Nf6 2. Nf3 e6 3. c4 d5 4. Bg5 h6 5. Bxf6 Qxf6 6. e3 c6 7. Nc3 g6 8. Bd3 Bg7 9. O-O O-O 10. Qe2 Nd7 11. e4 dxc4 12. Bxc4 e5 13. d5 Nb6 14.
h3 Nxc4 15. Qxc4 Bxh3 16. dxc6 bxc6 17. gxh3 Qxf3 18. Qxc6 Qxh3 19. Rfe1 Rac8 20. Qb5 Rb8 21. Qe2 h5 22. Rad1 Rfd8 23. Nd5 Qe6 24. Rd3 Kh8 25. Red1 Qa6 26. b3 Qb7 27. Rf3 Rd7 28. Kg2 Rbd8 29. Rh1 Rxd5 30. exd5 Qxd5 31. Rh3 e4 32. Re3 Bd4 33.
Reg3 Qf5 34. Rh4 Be5 35. Rgh3 Qg5+ 36. Kh1 Kg7 37. Rxe4 Qc1+ 38. Kg2 Bf6 39. Rg3 Rd1 40. Kf3 Rd2 41. Qe3 Qd1+ 42. Kg2 Rxa2 43. Qf3 Qd5 44. Rf4 Qe6 45. Qxh5 Rd2 46. Qf3 Rd5 47. Rgg4 Rh5 48. Re4 Qd6 49. Ref4 Qe6 50. Rg3 Rh8 51. Qe3 Qd5+ 52.
Qf3 Qd6 53. Re4 Be5 54. Rgg4 Rh2+ 55. Kg1 Rh5 56. Kg2 Kf8 57. Re3 Rf5 58. Qa8+ Kg7 59. Qe4 Bd4 60. Rf3 Rh5 61. Rgg3 Be5 62. Rh3 Rg5+ 63.
Kf1 Qd1+ 64. Qe1 Rg1+ 65. Kxg1 Qxe1+ 66. Kg2 Qe4 67. Kf1 a5 68. Re3 Qb1+ 69. Kg2 Bd4 70.
Ref3 Qe4 71. Rg3 f5 72. Kf1 Kf6 73. Kg2 g5 74. Kf1 g4 75. Rd3 Qf4 76. Rg2 Qc1+ 77.
Ke2 Qc2+ 78. Rd2 Qe4+ 79. Kf1 Bc3 80. Rd1 Bb4 81. Rg3 Kg5 82. Rgd3 Bc5 83. Rd5 Qh1+ 84.
Ke2 Qf3+ 0-1

[Event "*** Titled Tuesday Blitz"]
[Site "Chess.com"]
[Date "2020.02.04"]
[Round "7"]
[White "TheBigBoss04"]
[Black "Kira170"]
[Result "1-0"]
[WhiteElo "2692"]
[BlackElo "2502"]
[TimeControl "180+2"]
[EndTime "10:39:02 PST"]
[Termination "TheBigBoss04 won by resignation"]

1. Nf3 Nf6 2. g3 e6 3. Bg2 d5 4.
O-O g6 5. b3 Bg7 6. Bb2 O-O 7. c4 b6 8. d3 Bb7 9. Nc3 d4 10. Nb1 c5 11. b4 cxb4 12. Nbd2 Nc6 13. Nxd4 Nxd4 14. Bxb7 Rb8 15. Bg2 Nd7 16. Rb1 e5 17. e3 Ne6 18. Nf3 e4 19. dxe4 a5 20.
Bxg7 Kxg7 21. Nd4 Ndc5 22. Rb2 Qc7 23. Rd2 Kg8 24. f4 Rfe8 25. Nb5 Qe7 26. e5 Ng7 27. Nd6 Red8 28. Bd5 Rxd6 29. exd6 Qxe3+ 30. Kg2 Nf5 31. Qe2 Qxe2+ 32. Rxe2 Nxd6 33. Rfe1 Kf8 34. Kf3 Nf5 35. Kg2 a4 36. g4 Nd6 37. Rb1 b3 38. axb3 axb3 39.
Kf3 Rd8 40. Re3 Rd7 41. Rbxb3 Nxb3 42. Rxb3 Nc8 43. Ke4 Rd6 44. g5 Ne7 45. Ke5 Nf5 46.
Ra3 Rd7 47. Kf6 Rd6+ 48. Ke5 Rd7 49. Ra8+ Kg7 50. Re8 Nd6 51. Rb8 Nf5 52. Rb7 Rxb7 53. Bxb7 Kf8 54. Kd5 Ne3+ 55. Kd4 Nf5+ 56. Kd5 Ne3+ 57.
Kd4 Nf5+ 58. Ke5 Ke7 59. Bd5 Nd6 60. Kd4 Nf5+ 61. Kc3 f6 62. Kb4 Nd6 63. Bg8 fxg5 64. fxg5 Ne4 65. h4 Nd6 66. Bd5 Nf5 67. Kb5 Nxh4 68.
Kxb6 Nf5 69. c5 Nd4 70. Bg8 Kf8 71. Bd5 Kg7 72. Kc7 h5 73. Kd6 h4 74. Ke5 Nb5 75. Bc4 Nc7 76. Kd6 Ne8+ 77. Kd7 Kf8 78. c6 h3 79. Bd5 h2 80. c7 Nxc7 81. Kxc7 Kg7 82.
Kd6 Kh7 83. Ke6 Kh8 84. Kf6 Kh7 85. Kf7 Kh8 86. Kxg6 1-0

[Event "*** Titled Tuesday Blitz"]
[Site "Chess.com"]
[Date "2020.02.04"]
[Round "7"]
[White "Yoshkinkot"]
[Black "artooon"]
[Result "1/2-1/2"]
[WhiteElo "2579"]
[BlackElo "2793"]
[TimeControl "180+2"]
[EndTime "10:39:17 PST"]
[Termination "Game drawn - insufficient material"]

1. e4 e5 2. Nf3 Nc6 3. Bb5 Nf6 4. d3 Bc5 5. Bxc6 dxc6 6. Nbd2 Qe7 7. b3 Be6 8. Bb2 Ng4 9. O-O f6 10. h3 Nh6 11. Qe2 O-O-O 12. c3 Nf7 13. d4 Bd6 14. Nc4 g5 15. Ne3 h5 16. d5 cxd5 17. Nxd5 Bxd5 18.
exd5 g4 19. Nh4 Qd7 20. Qd3 Ng5 21. Qf5 gxh3 22. gxh3 Nxh3+ 23. Kh2 Nf4 24. c4 Rdg8 25. Rg1 Rg4 26. Rxg4 hxg4 27. Qxd7+ Kxd7 28. Kg3 e4 29. Kxg4 Nd3 30. Bxf6 Nxf2+ 31. Kf5 Re8 32. Re1 e3 33. Re2 Ne4 34. Rxe3 Nxf6 35. Rxe8 Nxe8 36. Nf3 a5 37. Nd4 b6 38. Ne6 Be7 39. Ke4 Nd6+ 40.
Kd3 Nb7 41. Nd4 Nc5+ 42. Kc2 Bf6 43. Nf5 Na6 44. a3 Nc5 45. b4 axb4 46. axb4 Ne4 47. Ne3 Bd4 48. Nf5 Be5 49. Kd3 Nd6 50. Ne3 Bf4 51.
Ng2 Bg5 52. c5 Nf5 53. Ne1 Ne7 54. Ke4 Bd2 55. Nd3 b5 56. Ne5+ Ke8 57. Nd3 Ng8 58.
d6 cxd6 59. Kd5 dxc5 60. Kxc5 Nf6 61. Kxb5 Kd7 62. Ne5+ Ke6 63. Nc4 Bc3 64. Ne3 Bd4 65. Nc2 Bf2 66. Kc4 Nd5 67. Nd4+ Ke5 68. Nc6+ Kd6 69.
Nd4 Nb6+ 70. Kd3 Kd5 71. Ne2 Be1 72. Nc3+ Ke5 73. Na2 Kd5 74. Nc3+ Kc6 75. Na2 Kb5 76. Nc3+ Kxb4 77. Ne4 Nc4 78. Kd4 Bh4 79. Kd5 Ne3+ 80. Kd4 Ng4 81. Kd5 Kb5 82. Ke6 Kc6 83. Kf5 Ne3+ 84. Ke5 Bd8 85. Kd4 Nf5+ 86. Ke5 Ne7 87. Kd4 Bc7 88. Kc4 Nf5 89. Nc3 Bb6 90. Kd3 Kd6 91. Ke4 Ng3+ 92. Kf3 Nf5 93. Ke4 Ne7 94. Nb5+ Kc5 95. Nc3 Nc8 96. Kd3 Nd6 97. Ne4+ Kd5 98. Nxd6 1/2-1/2

[Event "*** Titled Tuesday Blitz"]
[Site "Chess.com"]
[Date "2020.02.04"]
[Round "7"]
[White "MFBerna"]
[Black "kinga2008"]
[Result "1/2-1/2"]
[WhiteElo "2330"]
[BlackElo "1959"]
[TimeControl "180+2"]
[EndTime "10:39:31 PST"]
[Termination "Game drawn by agreement"]

1. d4 g6 2. e4 Bg7 3. Nf3 d6 4. Nc3 Nf6 5. h3 O-O 6. Be3 e5 7. dxe5 dxe5 8. Nxe5 Nxe4 9. Qxd8 Rxd8 10. Nxe4 Bxe5 11. Bg5 Re8 12. O-O-O Nc6 13. Nf6+ Bxf6 14. Bxf6 Be6 15. Bb5 Bf5 16. h4 Re6 17. Bc3 Ne5 18. f3 c6 19. Ba4 h5 20. Bb3 Re7 21. Rhe1 Rae8 22. Bb4 c5 23. Ba4 Rc8 24. Bc3 Nc6 25. Rxe7 Nxe7 26. Bf6 Nc6 27. c3 a6 28. Bb3 Na5 29.
Bd5 Be6 30. Bxe6 fxe6 31. Rd7 Kf8 32. Rh7 Re8 33. Be5 Kg8 34. Rg7+ Kf8 35. Rxg6 Nc6 36.
Bd6+ Kf7 37. Rh6 Rd8 38. Bxc5 Ne5 39. Rxh5 Rd5 40. Bd4 Nd3+ 41. Kd2 Rxh5 42. Kxd3 Rxh4 43. g4 Rh2 44. c4 Ke7 45. a3 Kd6 46. b4 e5 47. Bc5+ Ke6 48. Ke4 Re2+ 49. Kd3 Ra2 50. b5 axb5 51. cxb5 Kd5 52. Bb4 b6 53. Ke3 Rb2 54.
g5 Rg2 55. Be7 Rb2 56. Bb4 Rg2 57. Be7 Ke6 58. Bd8 Kf5 59. Bxb6 Rb2 60. a4 Rb4 61. g6 Rxa4 62. g7 Ra8 63. Bc5 Kg6 64. Bf8 Kf7 65. Ke4 Rb8 66. Kxe5 Rxb5+ 67. Kf4 Ra5 68. Kg4 Ra1 69. f4 Ra5 70. f5 Ra1 71. Bc5 Ra4+ 72. Kg5 Kxg7 73. Bd6 Kf7 74. Be5 Ra5 75. Bd4 Ra4 76. Be5 Re4 77. Bc3 Re3 78. Bd2 Re2 79. Bc3 Rc2 80. Bd4 Rg2+ 81. Kf4 Rd2 82. Bc3 Rc2 83.
Bd4 Rc4 84. Ke4 Rc1 85. Be3 Re1 86. Kf4 Kf6 87. Bd4+ Kf7 88. Bc3 Rc1 89. Bd4 Rc4 90.
Ke4 1/2-1/2

[Event "*** Titled Tuesday Blitz"]
[Site "Chess.com"]
[Date "2020.02.04"]
[Round "7"]
[White "LLRChess"]
[Black "doons21"]
[Result "0-1"]
[WhiteElo "2491"]
[BlackElo "2653"]
[TimeControl "180+2"]
[EndTime "10:41:38 PST"]
[Termination "doons21 won by checkmate"]

1. e4 e6 2. d4 d5 3. e5 c5 4. c3 Qb6 5. Nf3 Nc6 6. a3 c4 7.
Be2 Bd7 8. O-O Nge7 9. Nbd2 Na5 10. Qe1 Ba4 11. Bd1 Bxd1 12. Qxd1 Nec6 13. b4 cxb3 14. Rb1 Be7 15. Nxb3 Nxb3 16. Rxb3 Qc7 17. Bd2 Na5 18. Rb5 Nc4 19. a4 h6 20. Ne1 Rc8 21. Rb3 Qc6 22. Nd3 b6 23. f4 Qxa4 24. Bc1 Na5 25. Rb1 Qxd1 26. Rxd1 Rxc3 27. f5 O-O 28. f6 gxf6 29.
Bxh6 Rfc8 30. Bf4 f5 31. h3 R8c4 32. Be3 Ra3 33. Bf2 Nc6 34. Kh2 Nxd4 35. Nb2 Nc6 36. Nxc4 dxc4 37. Rd7 Bg5 38. Rc7 Nxe5 39. Rc8+ Kg7 40.
Bd4 Bf6 41. Kh1 Rb3 42. Ra1 a5 43. Ra4 b5 44. Rxa5 Nd3 45. Bxf6+ Kxf6 46. Ra7 c3 47. Rac7 b4 48. Rf8 Rb1+ 49. Kh2 Rb2 50. Rfxf7+ Ke5 51. Rfd7 Nf4 52. Rc5+ Kf6 53. Kg3 Nxg2 54. Rd6 Re2 55. Rb6 Ne3 56. Rxb4 Nd5 57. Ra4 Re3+ 58. Kf2 Rxh3 59.
Ra6 Ke5 60. Rcc6 Nf4 61. Ra5+ Kf6 62. Rc8 Nd3+ 63. Ke2 Nf4+ 64. Kd1 Rh1+ 65. Kc2 Ne2 66. Kd3 Nf4+ 67. Kc2 Rh3 68. Rxc3 Rxc3+ 69. Kxc3 e5 70. Kd2 Ne6 71. Ke3 f4+ 72. Kf3 Kf5 73. Rd5 Ng5+ 74. Kf2 Ke4 75. Ra5 Nh3+ 76. Kf1 Ng5 77. Ra4+ Kf3 78.
Ra3+ Kg4 79. Ra8 e4 80. Rf8 Ne6 81. Rg8+ Kf5 82. Kf2 e3+ 83. Ke2 Nc7 84. Kf3 Ne6 85. Ke2 Ke4 86. Re8 Kf5 87. Kd3 Nc5+ 88. Ke2 Ne4 89. Rf8+ Ke5 90. Re8+ Kf5 91. Rf8+ Kg4 92. Re8 Ng3+ 93. Kd3 Kf3 94. Rf8 Ne2 95. Rf7 Nc1+ 96. Kc2 Na2 97. Kd1 Nb4 98. Rf8 Nd3 99. Re8 Kf2 100.
Kc2 Nb4+ 101. Kc3 e2 102. Kd2 f3 103. Rh8 e1=Q# 0-1

[Event "*** Titled Tuesday Blitz"]
[Site "Chess.com"]
[Date "2020.02.04"]
[Round "7"]
[White "Grieve72"]
[Black "karinachess1"]
[Result "1/2-1/2"]
[WhiteElo "2334"]
[BlackElo "2500"]
[TimeControl "180+2"]
[EndTime "10:43:15 PST"]
[Termination "Game drawn by 50-move rule"]

1. e4 c5 2. Nf3 e6 3. d4 cxd4 4. Nxd4 a6 5. c4 Nf6 6. Nc3 Bb4 7. Qd3 Qc7 8. Be3 Nc6 9. a3 Ne5 10. Qc2 Bxc3+ 11. Qxc3 Nxe4 12. Qc2 Nf6 13. Be2 O-O 14. h3 b6 15. O-O Bb7 16. Rac1 Rac8 17. Qb3 d6 18. Rfd1 Nfd7 19. f4 Nc5 20. Qa2 Ng6 21. b4 Ne4 22. f5 Nh4 23. fxe6 Nxg2 24. Qb3 Qe7 25. Bf3 Nxe3 26. Qxe3 Nf6 27. exf7+ Qxf7 28. Bxb7 Qxb7 29. Rf1 Rce8 30. Qd3 Qe4 31. Qxe4 Rxe4 32. Nf5 Rd8 33. Rfd1 Ne8 34. c5 bxc5 35. bxc5 Re5 36. Nxd6 Nc7 37. Rc2 Ne6 38. c6 Nc7 39. Rcd2 Rc5 40.
Nb7 Rxd2 41. Rxd2 Rxc6 42. Rd7 Rc1+ 43. Kf2 Rc2+ 44. Ke3 Ne6 45. Nd6 h6 46. Ra7 Rc3+ 47. Ke4 Rxh3 48. Ke5 Nc5 49. Nf5 Rh5 50. Kf4 Rg5 51.
Ne7+ Kh7 52. Nf5 Ne6+ 53. Ke5 Nc5 54. Kf4 Nb3 55. Rxa6 Nd2 56. a4 Nc4 57. Rc6 Na5 58. Rc5 Nb7 59. Rc7 Na5 60. Ra7 Nc6 61. Ra6 Nb4 62. Rd6 Rg1 63. Rd7 Rf1+ 64. Ke5 Re1+ 65.
Kf4 Rf1+ 66. Kg4 Rg1+ 67. Kh3 h5 68. Kh4 Kh8 69. Rd8+ Kh7 70. Rd7 Kg8 71. a5 g6 72.
Nh6+ Kf8 73. Rb7 Na6 74. Rb6 Nc5 75. Rc6 Nd7 76. a6 Ra1 77. Kg5 Ra5+ 78. Kf4 Ke7 79. Rxg6 Nc5 80. Nf5+ Kd7 81. Rd6+ Kc7 82. Rh6 Nxa6 83.
Rxh5 Nc5 84. Nd4 Nd3+ 85. Kg4 Nf2+ 86. Kh4 Ra4 87. Kg3 Ne4+ 88. Kf4 Rxd4 89. Ke5 Ra4 90. Rh7+ Kc6 91. Rh4 Ra5+ 92. Ke6 Nd6 93. Rd4 Nb5 94. Rd1 Kc5 95. Rc1+ Kb4 96. Rb1+ Kc4 97. Rc1+ Nc3 98. Rh1 Ra6+ 99. Ke5 Ra5+ 100. Ke6 Kd4 101. Rh4+ Ne4 102.
Rh1 Ra6+ 103. Ke7 Ng5 104. Rd1+ Ke5 105. Re1+ Ne4 106. Kd7 Rd6+ 107. Ke7 Rd4 108. Rh1 Ra4 109. Rh5+ Kd4 110. Kd7 Ra7+ 111. Kc6 Ra6+ 112. Kc7 Ra4 113. Rh1 Kd5 114. Rd1+ Ke6 115. Kc6 Rc4+ 116. Kb5 Rc8 117. Re1 Kd5 118. Rd1+ Ke5 119. Re1 Rb8+ 120. Kc6 Rb4 121. Rc1 Rb8 122. Kc7 Rh8 123. Re1 Kd5 124. Rd1+ Ke6 125. Re1 Rh4 126. Kc6 Ke5 127. Ra1 Rh6+ 128. Kc7 Kd5 129. Rd1+ Ke6 130. Re1 Ke5 131. Ra1 Nc5 132. Re1+ Kd5 133. Rd1+ Kc4 134. Rc1+ Kd4 135. Rd1+ Nd3 136. Rg1 Nf4 137. Rd1+ Ke5 138. Re1+ Kf5 1/2-1/2

[Event "*** Titled Tuesday Blitz"]
[Site "Chess.com"]
[Date "2020.02.04"]
[Round "8"]
[White "MisiekZielony"]
[Black "Mikhail_Golubev"]
[Result "0-1"]
[WhiteElo "2353"]
[BlackElo "2551"]
[TimeControl "180+2"]
[EndTime "10:51:42 PST"]
[Termination "Mikhail_Golubev won by resignation"]

1. c4 g6 2. Nf3 Bg7 3. g3 d6 4. Bg2 e5 5. O-O Nc6 6. d3 f5 7. Nc3 h6 8. Rb1 a5 9. a3 g5 10. b4 e4 11. Nxe4 fxe4 12. dxe4 axb4 13. axb4 Nge7 14. h4 g4 15. Ne1 O-O 16. Nd3 Ng6 17. h5 Nge5 18. Nf4 Kh7 19. Be3 Nxc4 0-1

[Event "*** Titled Tuesday Blitz"]
[Site "Chess.com"]
[Date "2020.02.04"]
[Round "8"]
[White "obliviate12"]
[Black "Snegokhod"]
[Result "1-0"]
[WhiteElo "2869"]
[BlackElo "2636"]
[TimeControl "180+2"]
[EndTime "10:52:22 PST"]
[Termination "obliviate12 won by resignation"]

1. e4 c6 2. d4 d5 3. e5 c5 4.
Nf3 cxd4 5. Nxd4 e6 6. Nd2 Nc6 7. Nxc6 bxc6 8. Bd3 g6 9. O-O Bg7 10. Nf3 Ne7 11. b3 c5 12. Re1 Qb6 13. Bg5 Nc6 14. Bf6 Bxf6 15. exf6 Ba6 16. Bxa6 Qxa6 17. Qxd5 O-O 18.
Qg5 1-0

[Event "*** Titled Tuesday Blitz"]
[Site "Chess.com"]
[Date "2020.02.04"]
[Round "8"]
[White "dretch"]
[Black "FairChess_on_YouTube"]
[Result "1-0"]
[WhiteElo "2860"]
[BlackElo "3021"]
[TimeControl "180+2"]
[EndTime "10:53:03 PST"]
[Termination "dretch won by resignation"]

1. d4 Nf6 2. c4 e6 3. Nc3 Bb4 4. Qc2 O-O 5. e4 d6 6. a3 Bxc3+ 7. bxc3 e5 8. Bd3 c5 9. Ne2 Nc6 10. d5 Na5 11. O-O b6 12. Ng3 Ne8 13. f4 f6 14. Be3 Qd7 15. Rf3 Ba6 16. Qe2 Qa4 17. Nf5 Bxc4 18. fxe5 dxe5 19. Raf1 Bxd3 20. Qxd3 Qc4 21.
Qd1 Qxe4 22. d6 Rd8 23. d7 Nc7 24. Qd6 Nd5 25. Qe6+ Kh8 26. Nd6 Nc7 27. Nf7+ Kg8 28. Nh6+ Kh8 29. Qg8+ 1-0